 Dungeon Sprint DCSS version 0.20-a0-1121-gbb42413 (webtiles) character file.

91160 potatolord6000 the Slayer (level 15, -8/170 HPs)
             Began as a Minotaur Fighter on May 10, 2017.
             Was an Initiate of Gozag.
             Killed by the air
             ... invoked by a titan
              (23 damage)
             ... in the Dungeon (Sprint VII: "The Pits").
             The game lasted 00:35:45 (3563 turns).

potatolord6000 the Slayer (Minotaur Fighter)        Turns: 3563, Time: 00:35:46

Health: -8/170     AC: 32    Str: 34    XL:     15   Next: 54%
Magic:  0/14       EV: 13    Int: 14    God:    Gozag
Gold:   712        SH:  0    Dex: 18    Spells: 14/14 levels left

rFire    + + .     SeeInvis .   a - +5 broad axe
rCold    + + .     Gourm    .   s - +1 large shield
rNeg     . . .     Faith    .   c - +2 gold dragon scales
rPois    +         Spirit   +   (helmet unavailable)
rElec    +         Reflect  .   r - +1 cloak
rCorr    +         Harm     .   B - +1 pair of gloves {Dex+3}
MR       ++...     NoTele   +   e - +2 pair of boots {run}
Stlth    ..........             D - amulet "Soica" {Spirit MR+ Int+4}
Regen    0.4/turn               b - +3 ring of protection
MPRegen  0.2/turn               z - +3 ring of protection

@: confused, mighty, brilliant, agile, resistant, corroded, gold aura, hasted,
studying Maces & Flails, very quick
A: retaliatory headbutt, horns 3, strong 1
a: Potion Petition, Call Merchant, Bribe Branch, Renounce Religion


You were in the Dungeon.
You worshipped Gozag.
Gozag was pleased with you.
You were full.

You visited 1 branch You collected 15507 gold pieces.
You spent 3722 gold pieces at shops.
You paid 11073 gold pieces to Gozag.

Inventory:

Hand Weapons
 a - a +5 broad axe (weapon)
Armour
 c - +2 gold dragon scales (worn)
 e - a +2 pair of boots of running (worn)
 r - a +1 cloak (worn)
 s - a +1 large shield (worn)
 B - a +1 pair of gloves of dexterity (worn)
Jewellery
 b - a +3 ring of protection (left hand)
 z - a +3 ring of protection (right hand)
 D - the amulet "Soica" (around neck) {Spirit MR+ Int+4}
   (You found it in the Dungeon)

   [amulet of guardian spirit]

   It causes incoming damage to be split between your health and magic.
   It affects your intelligence (+4).
   It affects your resistance to hostile enchantments.
Scrolls
 k - a scroll of blinking
 l - 3 scrolls of fog
 m - 4 scrolls of remove curse
 n - 5 scrolls of amnesia
 o - a scroll of summoning
 t - 2 scrolls of fear
 x - a scroll of recharging
 y - 2 scrolls of enchant armour
Potions
 i - 4 potions of magic
 A - 2 potions of mutation
Books
 g - a manual of Maces & Flails
Comestibles
 f - 11 bread rations
 p - 40 fruits
 q - 6 meat rations


   Skills:
 + Level 25.3 Fighting
 + Level 25.1 Axes
 + Level 25.2 Armour
 + Level 25.2 Shields


You had 14 spell levels left.
You didn't know any spells.

Dungeon Overview and Level Annotations

Branches:
Dungeon (1/1)

Altars:
Ashenzari
Cheibriados
Dithmenos
Elyvilon
Fedhas
Gozag
Hepliaklqana
Kikubaaqudgha
Makhleb
Nemelex Xobeh
Okawaru
Qazlal
Ru
Sif Muna
Trog
Uskayaw
Vehumet
Wu Jian
Xom
Yredelemnul
Zin
The Shining One
Beogh
Jiyva
Lugonu

Shops:
D ![(=[[


Innate Abilities, Weirdness & Mutations

You reflexively headbutt those who attack you in melee.
You have a pair of large horns on your head.
Your muscles are strong. (Str +2)


Message History

The titan is severely wounded.
You hit the titan but do no damage.
The shadow is no longer distracted by gold.
The yellow draconian is distracted by the nearby gold.
You're too confused!
The titan hits you.
* * * LOW HITPOINT WARNING * * *
The titan points at you and mumbles some strange words.
The bolt of lightning hits you! You resist.
* * * LOW HITPOINT WARNING * * *
The yellow draconian roars!
Items here: $ ( ) [ 117 gold pieces; a longbow; 30 arrows; a leather armour You're too confused!
You're too confused!
You're too confused!
The titan waves its arms in wide circles.
The air twists around and strikes you!
You die...
Your body crumbles into a pile of gold.

+########################
.....##<<#..".#..........
.....##<<#....#..........
..#..##<<##'###.........#
.....##<<'......$$$d....#
.....#####(.$$((@$CG....#
..#..##....###..$$CM....p
.....##....#....#.W......
.....##....#....#........
..#=)##.......###........
....)')...............Z..
....)))).................
###+'####################
###++############################


You could see 2 titans, a yellow draconian, a mummy priest, a spectral bat, a
shadow and a golden eye.

Vanquished Creatures
  A greater mummy (D)
  Xtahua (D)
  A Killer Klown (D)
  A hellephant (D)
  A titan (D)
  A deep elf master archer (D)
  An Executioner (D)
  An acid blob (D)
  A death cob (D)
  A storm dragon (D)
  2 nagarajas (D)
  A fire giant (D)
  A frost giant (D)
  2 orc warlords (D)
  A ghost moth (D)
  2 war gargoyles (D)
  An apis (D)
  4 yellow draconians (D)
  A dire elephant (D)
  An ettin (D)
  A deep elf death mage (D)
  A fire dragon (D)
  A mummy priest (D)
  A deep elf high priest (D)
  A minotaur (D)
  3 yaktaur captains (D)
  A great orb of eyes (D)
  2 ice dragons (D)
  An ogre mage (D)
  3 naga warriors (D)
  A catoblepas (D)
  A hydra (D)
  3 vault guards (D)
  An anaconda (D)
  2 alligators (D)
  A merfolk aquamancer (D)
  A centaur warrior (D)
  An alligator snapping turtle (D)
  A vampire mage (D)
  5 two-headed ogres (D)
  3 deep elf knights (D)
  A fire crab (D)
  Sonja (D)
  6 hell knights (D)
  A shadow wraith (D)
  A spriggan druid (D)
  An unseen horror (D)
  A swamp dragon (D)
  A lindwurm (D)
  A necromancer (D)
  An ugly thing (D)
  11 orc knights (D)
  An orc sorcerer (D)
  4 deep elf magi (D)
  An eye of devastation (D)
  2 black mambas (D)
  A smoke demon (D)
  An orange demon (D)
  2 hellions (D)
  2 kobold demonologists (D)
  2 gargoyles (D)
  2 yaktaurs (D)
  A freezing wraith (D)
  A demonic crawler (D)
  A hellwing (D)
  4 ice devils (D)
  A guardian mummy (D)
  A merfolk (D)
  A tyrant leech (D)
  3 hornets (D)
  5 blink frogs (D)
  A jumping spider (D)
  A hippogriff (D)
  A bog body (D)
  8 dream sheep (D)
  A flying skull (D)
  A shadow (D)
  3 spriggans (D)
  4 water elementals (D)
  A chaos spawn (D)
  3 vampire mosquitoes (D)
  2 acid dragons (D)
  A swamp drake (D)
  4 eyes of draining (D)
  A black bear (D)
  A sky beast (D)
  A small abomination (D)
  3 orc warriors (D)
  2 necrophages (D)
  4 ogres (D)
  A centaur (D)
  A wolf (D)
  A crocodile (D)
  2 gnoll sergeants (D)
  A scorpion (D)
  3 wights (D)
  A quasit (D)
  A jelly (D)
  Crazy Yiuf (D)
  A hell rat (D)
  A worker ant (D)
  8 gnolls (D)
  A river rat (D)
  An ufetubus (D)
  2 worms (D)
  A leopard gecko (D)
  3 orcs (D)
  A bat zombie (D)
  A hobgoblin (D)
  4 jackals (D)
  A kobold (D)
  A ball python (D)
  A frilled lizard (D)
  A giant cockroach zombie (D)
206 creatures vanquished.

Vanquished Creatures (others)
  A dancing weapon (D)
  A fire bat (D)
  A swamp drake (D)
  A gnoll (D)
  A quokka skeleton (D)
5 creatures vanquished.

Grand Total: 211 creatures vanquished

Notes
Turn   | Place    | Note
-------+----------+-------------------------------------------
     0 | D        | potatolord6000 the Minotaur Fighter began the quest for the Orb.
     0 | D        | Reached XP level 1. HP: 19/19 MP: 0/0
    55 | D        | Found a bloodstained altar of Trog.
    55 | D        | Found a deep blue altar of Sif Muna.
    55 | D        | Found a viscous altar of Jiyva.
    55 | D        | Found a hazy altar of Hepliaklqana.
    55 | D        | Found an opulent altar of Gozag.
    56 | D        | Found a glowing golden altar of the Shining One.
    56 | D        | Found a glowing silver altar of Zin.
    56 | D        | Found a basalt altar of Yredelemnul.
    56 | D        | Found a shimmering altar of Xom.
    56 | D        | Found an ornate altar of the Wu Jian Council.
    56 | D        | Found a sacrificial altar of Ru.
    56 | D        | Found a stormy altar of Qazlal.
    56 | D        | Found an iron altar of Okawaru.
    56 | D        | Found a sparkling altar of Nemelex Xobeh.
    56 | D        | Found a burning altar of Makhleb.
    56 | D        | Found a blossoming altar of Fedhas.
    56 | D        | Found a white marble altar of Elyvilon.
    56 | D        | Found a shadowy altar of Dithmenos.
    56 | D        | Found a snail-covered altar of Cheibriados.
    59 | D        | Found a corrupted altar of Lugonu.
    59 | D        | Found a radiant altar of Vehumet.
    59 | D        | Found a roughly hewn altar of Beogh.
    60 | D        | Found an ancient bone altar of Kikubaaqudgha.
    60 | D        | Found a hide-covered altar of Uskayaw.
    60 | D        | Found a shattered altar of Ashenzari.
    63 | D        | Became a worshipper of Gozag Ym Sagoz the Greedy
    94 | D        | Noticed a worker ant
   102 | D        | Killed a worker ant
   102 | D        | Reached skill level 5 in Fighting
   102 | D        | Reached skill level 5 in Armour
   102 | D        | Reached skill level 5 in Shields
   102 | D        | Reached XP level 2. HP: 13/29 MP: 1/1
   102 | D        | Reached XP level 3. HP: 16/36 MP: 2/2
   110 | D        | Noticed a wolf
   113 | D        | Killed a wolf
   113 | D        | Reached skill level 5 in Axes
   113 | D        | Reached XP level 4. HP: 31/45 MP: 3/3
   263 | D        | Noticed an ogre
   267 | D        | Noticed an ogre
   268 | D        | Reached XP level 5. HP: 52/52 MP: 4/4
   271 | D        | Killed an ogre
   273 | D        | Noticed a necrophage
   273 | D        | Killed an ogre
   273 | D        | Reached XP level 6. HP: 62/62 MP: 5/5
   311 | D        | Bought a potion of haste for 150 gold pieces
   311 | D        | Bought a potion of heal wounds for 75 gold pieces
   311 | D        | Bought a potion of berserk rage for 75 gold pieces
   311 | D        | Bought a potion of agility for 60 gold pieces
   311 | D        | Bought a potion of curing for 45 gold pieces
   311 | D        | Bought a potion of haste for 150 gold pieces
   311 | D        | Bought a potion of curing for 45 gold pieces
   311 | D        | Bought a potion of curing for 45 gold pieces
   324 | D        | Noticed a kobold demonologist
   334 | D        | Killed a kobold demonologist
   334 | D        | Reached skill level 10 in Fighting
   334 | D        | Reached skill level 10 in Axes
   334 | D        | Reached skill level 10 in Armour
   334 | D        | Reached skill level 10 in Shields
   334 | D        | Reached XP level 7. HP: 73/73 MP: 6/6
   338 | D        | Noticed Crazy Yiuf
   354 | D        | Killed Crazy Yiuf
   383 | D        | Noticed a flying skull
   383 | D        | Noticed a spriggan
   383 | D        | Noticed a gargoyle
   389 | D        | Killed a flying skull
   389 | D        | Reached XP level 8. HP: 82/82 MP: 7/7
   398 | D        | Killed a gargoyle
   570 | D        | Noticed a jumping spider
   570 | D        | Noticed an alligator
   581 | D        | Noticed a vampire mage
   581 | D        | Noticed a freezing wraith
   581 | D        | Killed an alligator
   581 | D        | Reached XP level 9. HP: 33/93 MP: 8/8
   587 | D        | Killed a jumping spider
   597 | D        | Killed a freezing wraith
   605 | D        | Killed a vampire mage
   638 | D        | Noticed a merfolk
   640 | D        | Noticed a fire crab
   655 | D        | Killed a fire crab
   655 | D        | Reached XP level 10. HP: 80/103 MP: 9/9
   683 | D        | Noticed an orange demon
   692 | D        | Killed an orange demon
   712 | D        | Reached skill level 15 in Fighting
   734 | D        | Bought the +2 pair of boots of Weiha {rElec rF- Str+3 Dex+3} for 579 gold pieces
   754 | D        | Noticed a lindwurm
   754 | D        | Noticed a deep elf mage
   754 | D        | Noticed a two-headed ogre
   755 | D        | Noticed a spriggan rider
   761 | D        | Killed a deep elf mage
   761 | D        | Reached skill level 15 in Armour
   761 | D        | Reached skill level 15 in Shields
   763 | D        | Killed a two-headed ogre
   763 | D        | Reached skill level 15 in Axes
   767 | D        | Killed a lindwurm
   772 | D        | Reached XP level 11. HP: 62/114 MP: 10/10
   795 | D        | Noticed Sonja
   815 | D        | Killed Sonja
   876 | D        | Noticed a two-headed ogre
   876 | D        | Noticed a two-headed ogre
   881 | D        | Noticed a two-headed ogre
   883 | D        | Noticed an ogre mage
   892 | D        | Killed a two-headed ogre
   895 | D        | Killed an ogre mage
   900 | D        | Killed a two-headed ogre
   905 | D        | Killed a two-headed ogre
   943 | D        | Bought a +3 plate armour of cold resistance for 765 gold pieces
  1217 | D        | Gained mutation: You have a pair of large horns on your head. [potion of mutation]
  1217 | D        | Gained mutation: Your muscles are strong. (Str +2) [potion of mutation]
  1282 | D        | Bought a pair of runed gloves for 217 gold pieces
  1289 | D        | Bought a fine war axe for 204 gold pieces
  1289 | D        | Identified the cursed +0 war axe "Killer Klown's Regret" {drain, rElec rC+ Int+2 Dex-4} (You bought it in a shop in the Dungeon)
  1292 | D        | Noticed an orc knight
  1292 | D        | Noticed an orc sorcerer
  1292 | D        | Noticed an alligator snapping turtle
  1292 | D        | Noticed a nagaraja
  1292 | D        | Noticed a five-headed hydra
  1293 | D        | Noticed an alligator
  1293 | D        | Noticed a yellow draconian
  1299 | D        | Noticed a great orb of eyes
  1301 | D        | Killed a ten-headed hydra
  1301 | D        | Noticed a death cob
  1312 | D        | Killed a death cob
  1312 | D        | Reached XP level 12. HP: 61/127 MP: 11/11
  1324 | D        | Killed a yellow draconian
  1331 | D        | Killed a nagaraja
  1333 | D        | Killed an alligator snapping turtle
  1355 | D        | Killed an alligator
  1360 | D        | HP: 4/129 [smoke demon/divine providence (16)]
  1373 | D        | Killed a great orb of eyes
  1647 | D        | Bought an uncursed ring of see invisible for 270 gold pieces
  1647 | D        | Bought a +3 ring of protection for 378 gold pieces
  1774 | D        | Noticed an orc warlord
  1774 | D        | Noticed an orc warlord
  1778 | D        | Noticed a merfolk aquamancer
  1783 | D        | Reached XP level 13. HP: 139/139 MP: 12/12
  1788 | D        | Killed an orc warlord
  1794 | D        | Killed an orc warlord
  1859 | D        | Noticed a frost giant
  1882 | D        | Killed a frost giant
  1885 | D        | Noticed a fire giant
  1894 | D        | Killed a fire giant
  2239 | D        | Noticed a war gargoyle
  2246 | D        | Killed a war gargoyle
  2428 | D        | Bought a +2 pair of boots of running for 664 gold pieces
  2496 | D        | Reached XP level 14. HP: 149/152 MP: 13/13
  2896 | D        | Noticed a greater mummy
  2907 | D        | Noticed an emperor scorpion
  2918 | D        | Killed a greater mummy
  3007 | D        | Noticed a storm dragon
  3014 | D        | Killed a storm dragon
  3022 | D        | Killed a ghost moth
  3096 | D        | Noticed Xtahua
  3101 | D        | Paralysed by Xtahua for 2 turns
  3103 | D        | Noticed a hellephant
  3103 | D        | Noticed a war gargoyle
  3114 | D        | Noticed an Executioner
  3114 | D        | Noticed a nagaraja
  3120 | D        | Killed a war gargoyle
  3122 | D        | Killed an Executioner
  3125 | D        | Killed a nagaraja
  3127 | D        | Killed Xtahua
  3189 | D        | Noticed a titan
  3195 | D        | Killed a hellephant
  3195 | D        | Reached XP level 15. HP: 46/166 MP: 14/14
  3199 | D        | Killed a titan
  3388 | D        | Got the ring "Lonke" {rF+ rN++ Stlth-}
  3390 | D        | Got the ring "Ehifucott" {*Corrode rF+ rN+ Str+3}
  3392 | D        | Got the ring of Irunish {rPois MP+9 Str-4 Slay+2}
  3394 | D        | Got the ring of the Amoeba {MR- Int+4 Dex+6}
  3397 | D        | Got the ring of Knowledge {MR+ EV+2 Dex+2 Stlth-}
  3399 | D        | Got the amulet of Vaebi {Gourm SInv}
  3401 | D        | Got the amulet of the Turtledove {RegenMP rN+}
  3403 | D        | Got the amulet "Soica" {Spirit MR+ Int+4}
  3521 | D        | Noticed a Killer Klown
  3524 | D        | Noticed a deep elf master archer
  3533 | D        | Noticed a titan
  3537 | D        | Noticed an acid blob
  3537 | D        | Noticed a titan
  3539 | D        | Killed a deep elf master archer
  3544 | D        | Noticed a Killer Klown
  3549 | D        | Killed a Killer Klown
  3552 | D        | Killed an acid blob
  3563 | D        | Killed from afar by a titan

Vault maps used:
D:        pitsprint

Skill      XL: |  1  2  3  4  5  6  7  8  9 10 11 12 13 14 15 |
---------------+----------------------------------------------+-----
Fighting       | 5 6 7 8 10 11 13 14 15 17 19 21 24 25 | 25.3
Shields        | 5 6 7 8 10 11 12 14 15 17 19 21 23 25 | 25.2
Armour         | 5 6 7 8 10 11 13 14 15 17 19 21 23 25 | 25.2
Axes           | 4 5 6 8 10 12 13 15 17 19 21 23 25 | 25.1

Action                   |  1- 3 |  4- 6 |  7- 9 | 10-12 | 13-15 || total
-------------------------+-------+-------+-------+-------+-------++-------
Melee: Hand axe          |    12 |    24 |    28 |       |       ||    64
       War axe           |     4 |       |    48 |   195 |    71 ||   318
       Headbutt          |     1 |     3 |    17 |    67 |    96 ||   184
       Broad axe         |       |       |       |       |   194 ||   194
Invok: Call Merchant     |       |     1 |       |     4 |     1 ||     6
       Potion Petition   |       |       |       |     2 |     8 ||    10
  Use: Potion            |     4 |     2 |     7 |    26 |     5 ||    44
       Scroll            |       |       |       |     1 |       ||     1
 Stab: Distracted        |       |     3 |     1 |     6 |     3 ||    13
       Invisible         |       |       |     2 |     3 |    19 ||    24
       Confused          |       |       |       |     2 |       ||     2
       Petrified         |       |       |       |       |     9 ||     9
       Petrifying        |       |       |       |       |     1 ||     1
  Eat: Meat ration       |       |       |       |     1 |     2 ||     3
Armor: Scale mail        |    10 |       |       |       |       ||    10
       Ring mail         |       |     1 |     9 |       |       ||    10
       Chain mail        |       |       |    50 |    33 |       ||    83
       Plate armour      |       |       |       |    61 |    13 ||    74
       Gold dragon scale |       |       |       |       |    68 ||    68
Dodge: Dodged            |     5 |     8 |    16 |    45 |    27 ||   101
Block: Shield            |    11 |     4 |    58 |   137 |    46 ||   256
       Large shield      |       |       |       |       |   155 ||   155
